Map: Alcyone LE

Players

Geralt (Gerald)

  • Race: Protoss Protoss
  • League: Grandmaster
  • Spawn Location: 1:00

Moja - Winner!

  • Race: Terran Terran
  • League: Grandmaster
  • Spawn Location: 7:00

Event: HomeStory Cup XXV

VOD

Have the link to the VOD?

Description

Time

  • Played on: June 21, 2024, 12:31 p.m.
  • Length: 18:16

All games in this series

Show
View Real Time Build Order
Export as new Build Order

Geralt Protoss 

Build Orders: 1 Gate Expand, Blink Stalkers, Colossus Rush 

Get SALT Encoding   

  12  0:00  Probe  
  13  0:12  Probe  
  14  0:17  Pylon  
  14  0:24  Probe (Chrono Boost)  
  16  0:37  Gateway, Probe (Chrono Boost)  
  16  0:42  Probe (Chrono Boost)  
  16  0:47  Assimilator  
  17  0:52  Probe  
  18  1:04  Probe  
  19  1:16  Probe  
  20  1:24  Cybernetics Core, Zealot  
  23  1:38  Nexus  
  22  1:44  Pylon  
  22  1:47  Probe  
  23  1:56  Assimilator  
  23  2:02  Adept (Chrono Boost), Probe  
  26  2:14  Probe  
  26  2:15  Warp Gate  
  26  2:22  Adept (Chrono Boost)  
  26  2:27  Probe  
  29  2:39  Probe  
  30  2:46  Twilight Council  
  30  2:50  Adept  
  32  2:51  Probe  
  32  2:54  Probe  
  34  3:03  Probe  
  35  3:06  Probe  
  36  3:16  Blink (Chrono Boost), Probe  
  36  3:18  Probe  
  38  3:28  Probe  
  38  3:30  Probe  
  40  3:40  Probe  
  37  3:42  Probe  
  36  3:48  Robotics Facility  
  36  3:49  Stalker  
  36  3:52  Probe  
  36  3:53  Gateway  
  36  3:54  Probe  
  40  3:59  Pylon  
  40  4:04  Probe  
  40  4:07  Probe  
  42  4:13  Pylon  
  42  4:16  Probe  
  43  4:19  Probe  
  44  4:24  Nexus  
  44  4:25  Assimilator  
  44  4:26  Pylon  
  44  4:27  Assimilator  
  44  4:28  Probe  
  44  4:31  Stalker  
  47  4:33  Probe  
  47  4:35  Observer (Chrono Boost)  
  49  4:38  Robotics Bay  
  49  4:40  Probe  
  51  4:47  Shield Battery  
  51  4:52  Forge, Probe  
  52  4:54  Probe  
  52  4:56  Stalker, Observer  
  55  5:01  Stalker  
  55  5:05  Probe  
  55  5:06  Charge  
  58  5:17  Shield Battery, Probe  
  59  5:21  Probe  
  59  5:22  Colossus (Chrono Boost)  
  59  5:26  Gateway  
  66  5:37  Stalker x2  
  66  5:38  Probe  
  66  5:41  Probe  
  72  5:43  Probe  
  72  5:49  Shield Battery  
  73  5:50  Probe  
  73  5:51  Pylon  
  73  5:59  Probe  
  73  6:02  Stalker x2  
  75  6:04  Probe  
  74  6:13  Probe  
  74  6:15  Probe  
  74  6:16  Probe  
  69  6:21  Zealot  
  69  6:24  Gateway  
  69  6:25  Zealot x2  
  71  6:26  Probe  
  71  6:27  Gateway, Probe  
  71  6:28  Probe  
  71  6:32  Extended Thermal Lance  
  72  6:35  Colossus (Chrono Boost)  
  72  6:38  Probe, Protoss Ground Weapons Level 1 (Chrono Boost)  
  77  6:40  Probe  
  77  6:41  Probe  
  79  6:48  Pylon  
  79  6:53  Gateway x2, Probe  
  80  6:56  Stalker x2  
  80  6:59  Stalker  
  80  7:00  Probe  
  87  7:02  Probe  
  87  7:14  Probe  
  88  7:17  Probe  
  88  7:20  Observer  
  88  7:22  Robotics Facility  
  89  7:23  Pylon  
  89  7:28  Probe  
  90  7:31  Assimilator  
  90  7:33  Probe  
  90  7:35  Assimilator, Gateway  
  90  7:37  Gateway, Probe, Pylon  
  91  7:38  Pylon  
  91  7:43  Zealot x5  
  102  7:46  Pylon  
  102  7:49  Pylon  
  102  7:51  Nexus  
  104  8:00  Probe x2  
  104  8:03  Disruptor (Chrono Boost), Probe  
  109  8:12  Probe x2  
  117  8:16  Probe, Colossus (Chrono Boost)  
  118  8:24  Probe x2  
  118  8:26  Pylon  
  120  8:29  Zealot  
  120  8:30  Zealot x5  
  120  8:31  Protoss Ground Weapons Level 2 (Chrono Boost), Probe  
  120  8:32  Pylon  
  132  8:36  Probe  
  132  8:38  Probe  
  134  8:41  Disruptor (Chrono Boost), Pylon  
  134  8:43  Probe  
  139  8:48  Probe  
  144  8:57  Disruptor (Chrono Boost), Pylon  
  144  9:00  Zealot x4  
  150  9:06  Stalker x2  
  150  9:08  Probe x2  
  154  9:11  Probe  
  156  9:17  Stalker x2  
  156  9:20  Observer (Chrono Boost)  
  156  9:23  Stalker  
  156  9:24  Stalker  
  166  9:27  Shield Battery  
  166  9:31  Assimilator, Templar Archives  
  164  9:35  Assimilator  
  164  9:37  Probe  
  161  9:41  Zealot x6  
  161  9:45  Probe  
  162  9:47  Disruptor  
  166  10:00  Stalker x2  
  166  10:01  Stalker x5  
  180  10:11  Nexus  
  180  10:12  Pylon  
  166  10:23  Zealot x5  
  166  10:25  Disruptor  
  166  10:27  Probe  
  165  10:30  Zealot x4  
  165  10:34  Psionic Storm  
  163  10:44  Zealot x5  
  163  10:47  Probe  
  174  10:51  Zealot x4  
  174  10:52  Protoss Ground Weapons Level 3 (Chrono Boost)  
  174  10:55  Pylon  
  182  11:02  Disruptor  
  184  11:09  Probe  
  181  11:11  Probe x2  
  181  11:12  Probe  
  181  11:17  High Templar x9  
  192  11:22  Probe  
  192  11:23  Probe x2  
  192  11:24  Probe  
  176  11:34  Disruptor  
  176  11:38  Disruptor  
  157  11:52  Zealot x9  
  157  11:53  Probe  
  166  12:01  Archon  
  127  12:09  Disruptor (Chrono Boost)  
  127  12:10  Archon  
  127  12:13  Disruptor (Chrono Boost)  
  125  12:16  Stalker x6  
  125  12:17  Stalker x3  
  125  12:19  Observer  
  137  12:29  Shield Battery  
  137  12:31  Assimilator  
  137  12:34  Probe  
  137  12:35  Photon Cannon  
  138  12:37  Shield Battery, Probe  
  138  12:38  Colossus (Chrono Boost)  
  138  12:41  Nexus, High Templar x2  
  138  12:42  High Templar x2  
  138  12:43  Pylon  
  138  12:44  Zealot x4  
  157  12:49  Nexus  
  155  13:01  Pylon  
  141  13:12  Zealot x5  
  141  13:17  Colossus (Chrono Boost)  
  141  13:18  Archon  
  129  13:23  Stalker x4  
  140  13:30  Protoss Ground Armor Level 1 (Chrono Boost)  
  140  13:31  Photon Cannon  
  140  13:32  Shield Battery, Probe x2  
  140  13:33  Immortal (Chrono Boost)  
  140  13:39  High Templar x3  
  144  13:46  Zealot x6  
  156  13:51  Photon Cannon  
  156  13:52  Shield Battery  
  152  13:57  Probe  
  152  14:01  Immortal (Chrono Boost)  
  152  14:02  Immortal (Chrono Boost)  
  161  14:11  High Templar x2  
  161  14:12  Probe  
  161  14:14  Pylon  
  161  14:15  Zealot x7  
  176  14:24  Nexus  
  176  14:25  Pylon  
  176  14:33  Immortal  
  176  14:34  Immortal  
  182  14:40  Stalker  
  182  14:41  Stalker x6  
  196  14:52  Assimilator  
  192  14:54  Assimilator  
  192  14:55  Pylon  
  192  14:59  Zealot x2  
  194  15:11  Disruptor (Chrono Boost)  
  194  15:12  Disruptor (Chrono Boost), Archon  
  178  15:20  Stalker x2  
  178  15:21  Stalker x7  
  152  15:26  Robotics Facility  
  152  15:27  Pylon  
  146  15:38  Disruptor (Chrono Boost)  
  142  15:46  Zealot x9  
  140  15:56  Probe  
  134  16:06  Zealot x9  
  151  16:14  Probe  
  120  16:22  Gateway  
  120  16:23  High Templar x3  
  108  16:28  High Templar  
  108  16:29  Stalker x2, High Templar x2  
  108  16:32  Probe  
  109  16:37  Gateway  
  99  16:41  Gateway  
  99  16:46  Nexus  
  99  16:51  Pylon  
  99  16:54  Stalker x5  
  99  16:55  Probe  
  99  16:58  Gateway  
  99  16:59  Gateway  
  110  17:01  Probe  
  110  17:03  Cybernetics Core  
  110  17:04  Gateway  
  110  17:07  Gateway  
  111  17:18  Pylon  
  111  17:19  Probe  
  112  17:24  Zealot x3  
  112  17:26  Cybernetics Core  
  112  17:27  Archon  
  114  17:36  Zealot x2, Archon  
  110  17:47  Zealot x3  
  100  17:57  Zealot x4  
  95  18:05  Zealot  
  95  18:06  Zealot  
Show
View Real Time Build Order
Export as new Build Order

Moja Terran - Winner!

Build Orders: Reaper Expand 

Get SALT Encoding   

  12  0:00  SCV  
  13  0:12  SCV  
  14  0:17  Supply Depot  
  14  0:24  SCV  
  15  0:38  SCV  
  15  0:40  Barracks  
  16  0:42  Refinery  
  16  0:50  SCV  
  17  1:02  SCV  
  18  1:14  SCV  
  19  1:26  Reaper  
  19  1:27  Orbital Command  
  20  1:39  Command Center  
  20  1:46  Supply Depot  
  20  1:52  SCV  
  21  1:59  Marine  
  22  2:04  SCV  
  22  2:07  Factory  
  23  2:16  SCV  
  23  2:21  Bunker  
  23  2:22  Barracks Reactor  
  24  2:28  SCV, Refinery  
  25  2:40  SCV  
  25  2:51  Orbital Command  
  25  2:55  SCV  
  25  2:56  Starport  
  25  2:58  Marine x2  
  25  3:02  Hellion  
  29  3:07  SCV  
  30  3:16  Marine x2  
  30  3:18  SCV  
  33  3:24  Widow Mine  
  36  3:27  SCV  
  36  3:30  SCV  
  37  3:39  SCV, Marine x2, Medivac  
  39  3:44  SCV  
  40  3:50  Supply Depot  
  40  3:51  SCV  
  40  3:55  Factory Tech Lab  
  41  3:56  SCV  
  41  4:00  Marine  
  41  4:01  Marine  
  44  4:06  SCV  
  44  4:08  SCV  
  46  4:10  Supply Depot  
  46  4:17  Siege Tank  
  46  4:18  Supply Depot, Liberator, Marine x2  
  54  4:31  SCV x2  
  54  4:36  Marine x2  
  58  4:40  Supply Depot  
  58  4:43  SCV x2  
  60  4:49  Siege Tank  
  63  4:54  Marine x2  
  63  4:56  SCV x2  
  67  5:08  SCV x2  
  67  5:09  Supply Depot, Command Center  
  67  5:12  Marine x2  
  71  5:14  Barracks  
  71  5:20  SCV x2  
  73  5:27  Barracks  
  73  5:28  Engineering Bay  
  73  5:29  Engineering Bay  
  73  5:32  SCV x2  
  75  5:38  Starport Reactor, Refinery, Factory Reactor  
  75  5:39  Marine x2, Refinery  
  75  5:44  SCV x2  
  73  5:56  SCV x2  
  72  6:06  Terran Infantry Weapons Level 1, Terran Infantry Armor Level 1  
  72  6:07  Marine  
  72  6:08  Barracks Tech Lab, SCV x2  
  75  6:16  Barracks  
  75  6:17  Barracks  
  73  6:20  SCV x2  
  73  6:25  Orbital Command  
  75  6:26  Stimpack, Widow Mine, Medivac x2  
  75  6:28  Marine, Marauder  
  84  6:32  SCV x2  
  84  6:39  Marine  
  81  6:40  Marauder  
  81  6:43  Orbital Command  
  81  6:44  Combat Shield, SCV x2  
  81  6:46  Marine  
  84  6:56  Marauder  
  84  6:57  SCV x2, Marine  
  84  6:58  Medivac  
  93  7:01  Marauder  
  93  7:02  Barracks  
  93  7:04  Marine, Barracks x2  
  94  7:09  SCV  
  94  7:10  SCV  
  94  7:11  SCV  
  94  7:14  Barracks Tech Lab, Barracks Reactor  
  97  7:17  Marauder, Armory  
  97  7:18  Refinery  
  97  7:19  Refinery  
  97  7:21  SCV  
  97  7:22  Marine x2, Marauder  
  102  7:28  SCV  
  95  7:30  Medivac  
  95  7:32  SCV  
  95  7:33  SCV  
  95  7:36  Marauder  
  101  7:38  Marauder  
  101  7:40  SCV, Marine x2  
  101  7:43  Supply Depot  
  109  7:44  Supply Depot, SCV, Marauder  
  109  7:55  Barracks Tech Lab x3  
  109  8:05  Marine x2, Marauder, Medivac x2  
  117  8:06  Concussive Shells, Marauder x2, Widow Mine x2  
  125  8:14  Supply Depot  
  125  8:15  Marine x2  
  125  8:16  Supply Depot x2  
  120  8:20  Marine  
  120  8:21  Marauder  
  120  8:25  Marine, Marauder  
  120  8:27  Marauder x2  
  128  8:30  Marine  
  128  8:31  Marauder  
  133  8:35  Medivac x2  
  133  8:36  Terran Ship Weapons Level 1, Widow Mine x2  
  133  8:37  Marine x2  
  133  8:39  Marauder  
  145  8:42  Marauder  
  145  8:43  Marine  
  145  8:46  Marauder  
  145  8:47  Marine  
  151  8:48  Marine, Marauder  
  151  8:53  Marine  
  151  8:55  Marine  
  155  8:58  Supply Depot  
  155  9:00  Marauder  
  155  9:02  Supply Depot, Marine  
  158  9:04  Marine, Marauder  
  158  9:05  Medivac x2  
  165  9:17  Terran Infantry Weapons Level 2  
  165  9:18  Terran Infantry Armor Level 2  
  165  9:20  Marine x2, Marauder x3  
  173  9:27  Marine, Marauder  
  173  9:30  Supply Depot  
  176  9:32  Supply Depot  
  167  9:43  Marine  
  167  9:44  Marauder  
  167  9:45  Marine x2, Marauder  
  164  9:46  Marauder x2  
  164  9:49  Marine  
  164  9:50  Marauder, Medivac  
  164  9:51  Medivac  
  176  9:56  Marauder  
  178  10:01  Marine  
  179  10:07  Marine  
  179  10:08  Marauder  
  179  10:09  Command Center  
  182  10:19  Marine, Marauder  
  161  10:24  Marine  
  161  10:25  Marine, Marauder  
  161  10:26  Marauder  
  152  10:30  Marine, Marauder  
  152  10:33  Terran Ship Weapons Level 2  
  151  10:37  Marine, Marauder  
  151  10:41  Marine  
  151  10:42  Marauder  
  149  10:49  Marine x2, Marauder x2  
  155  10:50  Widow Mine x2  
  155  10:52  Medivac x2  
  155  10:53  Marine, Marauder  
  155  10:55  Marauder  
  168  10:58  Marine  
  168  11:03  Command Center  
  168  11:07  Marine, Marauder  
  168  11:10  Marine x2  
  168  11:11  Marauder x2, Widow Mine  
  176  11:14  Marine  
  176  11:15  Marauder  
  176  11:16  Marine  
  176  11:17  Marauder  
  184  11:24  Marine  
  184  11:27  Marine  
  184  11:29  Marauder  
  182  11:34  Marine, Marauder  
  177  11:41  Marine, Marauder  
  177  11:43  Marine  
  177  11:44  Marauder  
  174  11:47  Marine  
  174  11:48  Marauder, Medivac x2  
  181  11:57  Marine  
  181  11:58  Marauder  
  165  12:01  Marine  
  165  12:02  Marauder  
  165  12:04  Marine  
  165  12:05  Marauder  
  152  12:08  Marine  
  152  12:09  Marauder  
  152  12:12  Marine, Marauder  
  152  12:15  Marine  
  134  12:16  Terran Infantry Weapons Level 3  
  134  12:18  Medivac x2  
  134  12:19  Marine, Marauder  
  134  12:20  Orbital Command  
  134  12:22  Marine  
  137  12:23  Marauder  
  137  12:26  Marine, Marauder  
  143  12:30  Marauder x2  
  143  12:33  Marine  
  143  12:34  Marauder  
  150  12:37  Marine  
  150  12:40  Marine, Marauder  
  150  12:44  Marine  
  154  12:45  Terran Infantry Armor Level 3, Marauder  
  154  12:47  Orbital Command  
  154  12:48  Marauder  
  159  12:55  Marine, Marauder  
  159  12:57  Marine, Marauder  
  159  12:59  Marauder  
  159  13:02  Marauder  
  162  13:06  Marine x2, Marauder  
  162  13:09  Marauder  
  162  13:12  Marine  
  162  13:15  Marine  
  162  13:16  Marauder  
  162  13:18  Marine  
  143  13:23  Marine, Marauder  
  143  13:24  Marine x2  
  140  13:28  Marauder  
  140  13:30  Marine  
  140  13:31  Marauder  
  140  13:32  Marine  
  145  13:36  Marine  
  145  13:38  Marauder  
  145  13:40  Marine  
  149  13:44  Marine  
  149  13:45  Marauder  
  152  13:49  Ghost Academy, Marauder  
  152  13:52  Marauder  
  160  14:03  Marine x2  
  162  14:15  Marine x2  
  160  14:18  Viking x2  
  176  14:36  Marine  
  172  14:41  Marine x2  
  172  14:43  Marine  
  172  14:48  Unknown x6, Marine, Marauder x3, Viking x2  
  172  14:51  Marine  
  172  14:52  Marauder  
  183  14:54  Marine  
  183  14:59  Marine  
  179  15:06  Marine, Marauder  
  179  15:10  Marauder x2  
  179  15:11  Marine  
  179  15:12  Marauder  
  179  15:13  Marine  
  160  15:14  Marauder x2  
  160  15:17  Marine  
  142  15:24  Marine  
  142  15:28  Marauder  
  145  15:29  Marine  
  145  15:30  Marine  
  145  15:31  Marine, Marauder  
  145  15:34  Marauder  
  143  15:37  Marine  
  139  15:46  Marauder  
  139  15:48  Marine  
  137  15:55  Orbital Command, Marauder  
  139  16:10  Marine  
  139  16:11  Marauder  
  138  16:12  Marine  
  138  16:13  Marauder  
  138  16:16  Marine  
  129  16:25  Marine, Marauder  
  129  16:32  Marine  
  130  16:33  Marauder  
  129  16:55  Marine  
  129  16:56  Marauder  
  132  17:01  Marine, Marauder x2  
  132  17:03  Medivac  
  138  17:22  Marine x2, Marauder x2  
  143  17:23  Marine, Marauder x3  
  143  17:24  Marine  
  143  17:25  Marauder  
  153  17:39  Marine  
  153  17:40  Marine  
  153  17:41  Marine  
  153  17:42  Marine  
  153  17:43  Marauder  
  153  17:44  Marauder  
  154  17:45  Marine, Marauder x3  
  146  17:57  Marine  
Tags
 
Add a new tag
Caveats
  • Supply blocks, unpowered buildings, or Contaminate may cause inaccurate times.
  • Supply counts are checked every 10 seconds.